[Event "*** SCC Grand Prix: Titled Tuesday Blitz"]
[Site "Chess.com"]
[Date "2020.08.11"]
[Round "9"]
[White "volcanoexplorer"]
[Black "Khvicha_Supatashvili"]
[Result "1-0"]
[WhiteElo "2644"]
[BlackElo "2707"]
[TimeControl "180+1"]
[EndTime "11:46:45 PDT"]
[Termination "volcanoexplorer won by resignation"]

1. e4 c5 2. Nf3 Nc6 3. d4 cxd4 4. Nxd4 Nf6 5. Nc3 d6 6. Bg5 e6 7. Qd2 Be7 8. O-O-O Nxd4 9. Qxd4 O-O 10. f4 h6 11.
Bh4 Qa5 12. Kb1 e5 13. fxe5 dxe5 14. Qe3 Ng4 15. Qe1 Bxh4 16. Qxh4 Ne3 17. Rd3 Qb6 18. Na4 Qa5 19. Rxe3 Qxa4 20. Rg3 Kh7 21. b3 Qb4 22. Bc4 Be6 23. Bxe6 fxe6 24. Qg4 Qe7 25. Rd1 Rf4 26. Qh5 Qf6 27. Rd7 Rg8 28. Kb2 Rf2 29. Rf3 Rxf3 30. gxf3 Rb8 31. Rf7 Qg6 32. Qxg6+ Kxg6 33. Rd7 Kf6 34.
Kc3 a5 35. Kc4 b5+ 36. Kd3 b4 37. Ra7 Rb5 38. Kc4 Rb8 39. Rxa5 Rc8+ 40. Kxb4 Rxc2 41. h4 Rh2 42. Ra8 Rxh4 43. a4 Rh1 44. a5 Ra1 45. a6 h5 46. a7 Kg5 47. Kc5 h4 48. Kb6 h3 49. Rh8 Kf4 50. Rxh3 Ke3 51. Rh8 Kxf3 52. a8=Q Rxa8 53. Rxa8 Kxe4 54. Rg8 Kf5 55. b4 e4 56.
Rxg7 e3 57. Kc5 e2 58. Rg1 Ke4 59. b5 Kd3 60. b6 e1=Q 61. Rxe1 Kd2 62. Rxe6 Kd3 63.
b7 1-0

[Event "*** SCC Grand Prix: Titled Tuesday Blitz"]
[Site "Chess.com"]
[Date "2020.08.11"]
[Round "9"]
[White "Srisshhhtea"]
[Black "elcandado"]
[Result "1-0"]
[WhiteElo "2372"]
[BlackElo "2533"]
[TimeControl "180+1"]
[EndTime "11:46:45 PDT"]
[Termination "Srisshhhtea won on time"]

1. d4 Nf6 2. c4 e6 3. Nf3 d5 4. g3 dxc4 5. Bg2 Nc6 6. O-O Rb8 7. e3 b5 8. Qe2 a6 9. b3 cxb3 10. axb3 Be7 11. Bb2 O-O 12. Nc3 Bb7 13. Rfc1 Nb4 14. e4 c5 15. dxc5 Bxc5 16. e5 Ng4 17. Ne4 Bxe4 18.
Rxc5 Qd3 19. Re1 Qxe2 20. Rxe2 Bd5 21. Ba3 Nd3 22. Rc3 b4 23. Rxd3 bxa3 24. Ra2 Bxb3 25. Rxa3 Bc4 26. Rd1 Rb2 27. h3 Nxf2 28. Rd2 Rb1+ 29.
Kxf2 Bb5 30. Nd4 h6 31. Nxb5 axb5 32. Raa2 Rb8 33. Rab2 Rc1 34. Rdc2 Rd1 35. Rd2 Rc1 36. Rdc2 Rd1 37. Rb4 Ra1 38. Rcb2 Ra5 39. Bf1 g6 40.
Rxb5 Rbxb5 41. Rxb5 Ra2+ 42. Kf3 Kg7 43. Rb7 Ra3+ 44. Kg2 Rc3 45. Be2 Re3 46. Bc4 Rxe5 47. Kf2 h5 48. Kf3 Rf5+ 49. Kg2 Re5 50. Bb3 Kf6 51. Kf3 Rc5 52. Ba4 Rc3+ 53. Kf2 Ra3 54.
Be8 1-0

[Event "*** SCC Grand Prix: Titled Tuesday Blitz"]
[Site "Chess.com"]
[Date "2020.08.11"]
[Round "9"]
[White "GigaQuparadze"]
[Black "Virgo15"]
[Result "1/2-1/2"]
[WhiteElo "2907"]
[BlackElo "2700"]
[TimeControl "180+1"]
[EndTime "11:46:48 PDT"]
[Termination "Game drawn by repetition"]

1. e4 e6 2. Qe2 c5 3. Nf3 Nc6 4. c3 Nf6 5. d4 cxd4 6. cxd4 d5 7. e5 Ne4 8. Nbd2 Bb4 9. g3 Qa5 10. a3 b6 11. Qb5 Nxd2 12. Bxd2 Bxd2+ 13. Nxd2 Qxb5 14. Bxb5 Bd7 15. Bxc6 Bxc6 16. Ke2 Bb5+ 17. Ke3 Rc8 18. Rhc1 Kd7 19. b3 a5 20. a4 Ba6 21. f4 h6 22. g4 h5 23. g5 g6 24. Rab1 b5 25.
axb5 Bxb5 26. Ra1 Rxc1 27. Rxc1 Ra8 28. Ra1 Rc8 29. Rxa5 Rc3+ 30. Kf2 Rc2 31. Ke3 Rc3+ 32. Kf2 Rc2 33. Rxb5 Rxd2+ 34. Ke3 Rxh2 35. Rb7+ Ke8 36. b4 Rh3+ 37. Ke2 Rb3 38. b5 Kf8 39. b6 Kg7 40.
Rb8 Rb4 41. b7 Rb3 42. Kf2 Kh7 43. Kg2 Kg7 44. Kf2 h4 45. Kg2 h3+ 46. Kh2 Kh7 47. Kg1 Rb2 48. Kh1 h2 49. Rf8 Rxb7 50. Kxh2 Kg7 51.
Ra8 Rb4 52. Kg3 Rxd4 53. Rd8 Rd3+ 54. Kf2 Ra3 55. Ke2 Rh3 56. Kf2 Rh8 57. Rd7 Rc8 58.
Ke3 Kf8 59. Ra7 Ke8 60. Ra4 Rc7 61. Ra5 Kd7 62. Ra6 Kc8 63. Rb6 Rb7 64. Rc6+ Kd7 65. Rd6+ Kc7 66. Ra6 Rb3+ 67. Ke2 Rb6 68. Ra8 Kc6 69.
Rc8+ Kd7 70. Ra8 Rb7 71. Ke3 Kc6 72. Rc8+ Kb5 73. Kd4 Kb6 74. Kd3 Ra7 75. Kd4 Ra4+ 76. Ke3 Rc4 77. Rb8+ Ka7 78. Rd8 Rc7 79. Rd6 Kb7 80.
Kd4 Kc8 81. Ra6 Rb7 82. Rc6+ Kd7 83. Ra6 Kc7 84. Ke3 Rb3+ 85. Ke2 Kb7 86. Rd6 Kc7 87. Ra6 1/2-1/2

[Event "*** SCC Grand Prix: Titled Tuesday Blitz"]
[Site "Chess.com"]
[Date "2020.08.11"]
[Round "9"]
[White "StephenDedalus83"]
[Black "onnoelgersma"]
[Result "1-0"]
[WhiteElo "2767"]
[BlackElo "2422"]
[TimeControl "180+1"]
[EndTime "11:46:49 PDT"]
[Termination "StephenDedalus83 won by resignation"]

1. e4 c6 2. d4 d5 3. e5 Bf5 4. c3 e6 5. Be3 c5 6. dxc5 Nd7 7. Bb5 Ne7 8. Nf3 a6 9. Ba4 Qc7 10.
Nbd2 Nc6 11. O-O Bxc5 12. Bxc5 Nxc5 13. Bxc6+ bxc6 14. Nb3 Nd7 15. Qd4 c5 16. Qa4 O-O 17. Rfe1 Bg6 18. Qa5 Qxa5 19. Nxa5 Rfc8 20. c4 d4 21. Nd2 Rab8 22. b3 Kf8 23. f4 h5 24.
g3 Ke7 25. Kf2 Bf5 26. a3 Rb6 27. Ra2 Rcb8 28. Rb2 Ke8 29. Ne4 Bxe4 30. Rxe4 Nf8 31. Re1 Ng6 32. Reb1 Ne7 33. Ke2 Nf5 34. Kd3 Ne3 35.
b4 Kd7 36. Rb3 cxb4 37. axb4 Nf5 38. b5 axb5 39. cxb5 Ne7 40. Kxd4 Nf5+ 41. Ke4 Ke8 42. Nc4 R6b7 43. b6 Rd7 44. Rd3 Rxd3 45. Kxd3 Kd7 46. b7 Kc7 47. Na5 Ne7 48. Kc4 Nc6 49. Nxc6 Kxc6 50. h3 Rxb7 51. Rxb7 Kxb7 52. Kc5 Kc7 53.
g4 hxg4 54. hxg4 f6 55. Kb5 Kb7 56. exf6 gxf6 57. g5 fxg5 58. fxg5 e5 59. g6 e4 60. Kc4 e3 61. Kd3 e2 62. Kxe2 1-0

[Event "*** SCC Grand Prix: Titled Tuesday Blitz"]
[Site "Chess.com"]
[Date "2020.08.11"]
[Round "9"]
[White "gurelediz"]
[Black "UmbertoConcelli"]
[Result "0-1"]
[WhiteElo "2553"]
[BlackElo "2710"]
[TimeControl "180+1"]
[EndTime "11:46:52 PDT"]
[Termination "UmbertoConcelli won by resignation"]

1. e4 c5 2. Nf3 d6 3. d4 cxd4 4. Nxd4 Nf6 5. Nc3 Nc6 6. Bc4 Qb6 7. Nb3 e6 8. Be3 Qc7 9. O-O Be7 10. f4 O-O 11. Bd3 b6 12. g4 d5 13. e5 Nd7 14. Nd4 Nxd4 15. Bxd4 f6 16. exf6 Bxf6 17. Bxf6 Rxf6 18. f5 Ne5 19. g5 Rf8 20. f6 gxf6 21. gxf6 Rxf6 22. Rxf6 Qg7+ 23. Kh1 Qxf6 24. Qg1+ Qg7 25.
Qd4 Ng6 26. Qxg7+ Kxg7 27. Re1 Bd7 28. Bxg6 hxg6 29. Kg1 Rc8 30. Re2 Rc4 31. Nxd5 Rd4 32. Nc3 Kf7 33. Kf2 Bc6 34. Ke3 Rh4 35. Rf2+ Ke7 36.
Ne2 e5 37. Kd2 Ke6 38. Ng3 a5 39. c3 a4 40. a3 Bd5 41. Ke3 Bc6 42. Rd2 Rf4 43.
Rf2 g5 44. Ne2 Re4+ 45. Kd3 Rh4 46. Kd2 Kd5 47. Ng3 Kc4 48. Re2 Kb3 49. Ke1 Bf3 50.
Rf2 e4 51. Nf5 Rf4 52. Nd4+ Kc4 53. Kd2 g4 54. Ke3 Rf7 55. Rd2 Rh7 56. Nf5 Kb3 57.
Nd6 Rd7 58. Kf2 Ka2 59. Ke3 Kb1 60. Nc4 Rxd2 61. Kxd2 Ka2 62. Nd6 Kxb2 63. Nc4+ Kb3 64. Nxb6 Kxa3 65. Kc2 Be2 66. Nd7 Bd3+ 67. Kd2 Kb2 68.
c4 a3 69. c5 a2 0-1

[Event "*** SCC Grand Prix: Titled Tuesday Blitz"]
[Site "Chess.com"]
[Date "2020.08.11"]
[Round "9"]
[White "AJSC02"]
[Black "ChessicallyInclined"]
[Result "0-1"]
[WhiteElo "2261"]
[BlackElo "2474"]
[TimeControl "180+1"]
[EndTime "11:46:52 PDT"]
[Termination "ChessicallyInclined won on time"]

1. e4 c5 2. Nf3 Nc6 3. c3 Nf6 4. e5 Nd5 5. d4 cxd4 6. cxd4 d6 7. Bc4 Nb6 8. Bb5 Bd7 9. O-O e6 10. Nc3 a6 11. Bd3 Be7 12. a3 Rc8 13. Bf4 dxe5 14. dxe5 Na5 15. Ne4 Ba4 16. Qe2 Nd5 17. Bg3 Qb6 18.
Rac1 O-O 19. b4 Nb3 20. Rb1 Nd4 21. Nxd4 Qxd4 22. Rfd1 Bxd1 23. Rxd1 Qb6 24. Nf6+ Nxf6 25. exf6 Bxf6 26. Qe4 g6 27. h4 Rfd8 28. h5 Bg7 29.
Qg4 Rd4 30. Bf4 Rcd8 31. Qg3 e5 32. Be3 Rxd3 33. Bxb6 Rxd1+ 34. Kh2 R8d6 35. Bc5 Rd7 36. Qf3 Bf8 37. Bxf8 Kxf8 38. h6 R1d6 39. Qc3 Re6 40.
Qc8+ Ke7 41. Qh8 Rd8 42. Qxh7 Kf6 43. Qg7+ Kg5 44. h7 Ree8 45. Qxf7 Rh8 46. g3 Kh6 47. f4 exf4 48. g4 Rxh7 49. Qxf4+ Kg7+ 50. Kg3 Rf8 51. Qc7+ Kg8 52. Qc4+ Rhf7 53. g5 Kg7 54. Qd4+ Kh7 55. Qc4 Rf3+ 56. Kg4 Rf1 57. Kg3 Rg1+ 58. Kh2 Rxg5 59. Qh4+ Rh5 60. Kg3 Rxh4 61. Kxh4 Rf3 0-1

[Event "*** SCC Grand Prix: Titled Tuesday Blitz"]
[Site "Chess.com"]
[Date "2020.08.11"]
[Round "9"]
[White "DishonorOnYourCow"]
[Black "kngopal"]
[Result "0-1"]
[WhiteElo "2310"]
[BlackElo "2200"]
[TimeControl "180+1"]
[EndTime "11:46:53 PDT"]
[Termination "kngopal won by resignation"]

1. d4 d5 2. c4 c6 3. Nf3 e6 4.
e3 Nf6 5. b3 Be7 6. Bd3 O-O 7.
Bb2 dxc4 8. bxc4 c5 9. O-O cxd4 10. exd4 Nc6 11. Nbd2 b6 12. Qe2 Bb7 13. Rad1 Qc7 14. h3 Rfe8 15. Rfe1 Rad8 16. Ne4 Nb4 17. Nxf6+ Bxf6 18. Bb1 g6 19. a3 Nc6 20. d5 exd5 21. Qxe8+ Rxe8 22. Rxe8+ Kg7 23. Bxf6+ Kxf6 24. cxd5 Qd7 25. Ree1 Na5 26. Ne5 Qd6 27. Bc2 Ba6 28. Ba4 Nc4 29. Ng4+ Kg7 30. Bc6 h5 31. Ne3 Ne5 32. Ba4 Nd3 33.
Rxd3 Bxd3 34. Rd1 Ba6 35. Bc6 Bc8 36. Nc4 Qc5 37. Ne5 Qxa3 38. d6 Qb3 39. Rd3 Qb1+ 40. Kh2 Qe1 41. f4 Qf2 42. d7 Qxf4+ 43. Kg1 Bxd7 44. Nxd7 Qc1+ 45. Kh2 Qxc6 46. Ne5 Qc7 47.
Re3 f6 48. g3 fxe5 49. Rd3 b5 50. Rf3 b4 51. Kg1 a5 52. Rf1 Qc5+ 53. Kg2 Qc2+ 54. Kf3 Qd3+ 55. Kf2 Qxf1+ 56. Kxf1 b3 57. Ke2 b2 58. Ke3 b1=Q 59. Ke2 Qb3 0-1

[Event "*** SCC Grand Prix: Titled Tuesday Blitz"]
[Site "Chess.com"]
[Date "2020.08.11"]
[Round "9"]
[White "hongnhung1234"]
[Black "Oligan22"]
[Result "0-1"]
[WhiteElo "2258"]
[BlackElo "2430"]
[TimeControl "180+1"]
[EndTime "11:46:54 PDT"]
[Termination "Oligan22 won by checkmate"]

1. e4 e5 2. Nf3 d6 3. d4 exd4 4.
Nxd4 Nf6 5. Nc3 Be7 6. Bd3 O-O 7. O-O Re8 8. h3 Nbd7 9. Nf5 Bf8 10. Bg5 h6 11. Bh4 c6 12. Qf3 Ne5 13. Qg3 Ng6 14. Bxf6 Qxf6 15. Rae1 d5 16. Qf3 dxe4 17. Nxh6+ Kh7 18.
Qxf6 gxf6 19. Ng4 Bxg4 20. hxg4 exd3 21. cxd3 Nf4 22. Ne4 Kg6 23. Re3 Rad8 24. Rf3 Bh6 25. g3 Ne2+ 26. Kg2 Re6 27. Nc5 Re7 28. Ne4 Bg5 29. Re1 Nd4 30. Rf5 Nxf5 31. gxf5+ Kg7 32. f4 Bh6 33. Re3 b6 34. Kf3 Red7 35. Ke2 c5 36. Rf3 c4 37. dxc4 Re8 38. Re3 Rd4 39. Kf3 Rxc4 40.
g4 Rc1 41. g5 fxg5 42. fxg5 Bxg5 43. Nxg5 Rf1+ 44. Ke2 Re1+ 45. Kxe1 Rxe3+ 46. Kd2 Re5 47. Nf3 Rxf5 48. Nd4 Rf2+ 49. Kc3 f5 50. a4 f4 51. b4 Ra2 52. Kb3 Rg2 53. Kc3 f3 54. Kc4 f2 55.
Nf5+ Kf6 56. Ne3 Rg3 57. Nf1 Rg1 58. Nd2 f1=Q+ 59. Nxf1 Rxf1 60. Kb5 Ra1 61. a5 bxa5 62. bxa5 Ke6 63. Ka6 Kd6 64. Kb5 Ra2 65. Ka6 Kc6 66. Kxa7 Rxa5+ 67. Kb8 Ra4 68. Kc8 Ra8# 0-1

[Event "*** SCC Grand Prix: Titled Tuesday Blitz"]
[Site "Chess.com"]
[Date "2020.08.11"]
[Round "9"]
[White "Gareth-Bale11"]
[Black "Onischuk_V"]
[Result "0-1"]
[WhiteElo "2813"]
[BlackElo "2921"]
[TimeControl "180+1"]
[EndTime "11:46:55 PDT"]
[Termination "Onischuk_V won on time"]

1. d4 d6 2. Nf3 g6 3. e4 Bg7 4.
Nc3 Nf6 5. Be2 O-O 6. O-O a6 7. a4 Nc6 8. d5 Nb4 9. Re1 e6 10. h3 exd5 11. exd5 Re8 12. Be3 Rxe3 13. fxe3 Qe7 14.
Bc4 a5 15. e4 Nd7 16. Nb5 Ne5 17. Nxe5 Bxe5 18. c3 Na6 19. Qf3 Bd7 20. Re2 Rf8 21.
Rf1 Nc5 22. Nxc7 Bxa4 23. Nb5 Kg7 24. Nd4 Bd7 25. Qf2 h5 26. Nf3 b5 27. Ba2 b4 28.
cxb4 axb4 29. Bc4 Bf4 30. Qd4+ f6 31. b3 Ra8 32. Qf2 Re8 33. Nd4 Be5 34. Nc6 Bxc6 35. dxc6 Qc7 36. Bd5 Ra8 37. Ra2 Ra3 38.
Rxa3 bxa3 39. Qa2 Qa7 40. Kh1 Nd3 41. Be6 Nb4 42. Qf2 Qxf2 43. Rxf2 Nxc6 44. b4 Nxb4 45.
Bb3 Bb2 46. Rd2 Be5 47. Kg1 Kf8 48. Kf2 Ke7 49. Ke3 Kd7 50. g4 hxg4 51. hxg4 Kc6 52.
Ke2 Kc5 53. Kd1 Bc3 54. Rf2 Be5 55. Rd2 g5 56. Re2 Kd4 57. Kc1 Kc3 58. Be6 Kd3 59. Kd1 Bb2 60. Rf2 Kxe4 61. Kd2 a2 0-1

[Event "*** SCC Grand Prix: Titled Tuesday Blitz"]
[Site "Chess.com"]
[Date "2020.08.11"]
[Round "9"]
[White "Gorin_Leonid"]
[Black "Orest_Vovk"]
[Result "0-1"]
[WhiteElo "2606"]
[BlackElo "2466"]
[TimeControl "180+1"]
[EndTime "11:46:57 PDT"]
[Termination "Orest_Vovk won by resignation"]

1. e4 g6 2. d4 Bg7 3. Nf3 c5 4. dxc5 Qa5+ 5. Nfd2 Qxc5 6. c4 Nc6 7. Be2 d6 8. O-O Qe5 9. Nc3 Nf6 10. f3 Nd4 11. Nb3 Nxb3 12. axb3 Nh5 13. Be3 Nf4 14. Qd2 Nxe2+ 15. Qxe2 a6 16. Nd5 O-O 17. Nc7 Rb8 18. Ba7 Bd7 19. Bxb8 Rxb8 20. Nd5 Qxb2 21. Qxb2 Bxb2 22.
Rad1 Kf8 23. f4 b5 24. Rf2 Bg7 25. Ra2 bxc4 26. bxc4 Bg4 27. Rc1 Bd4+ 28. Kh1 e6 29. Nc7 Be3 30. Rf1 e5 31. f5 gxf5 32. h3 Bh5 33. exf5 f6 34. Nd5 Bg5 35. Rxa6 Be2 36. Re1 Bxc4 37. Rxd6 Bxd5 38. Rxd5 h5 39. Rd7 h4 40. Red1 Re8 41. Rd8 Rxd8 42. Rxd8+ Ke7 43. Rd5 Bf4 44. Kg1 Kf7 45. Kf2 Kg7 46. Kf3 Kh6 47.
Kg4 Bg3 48. Rd7 e4 49. Re7 Be5 50. Re6 e3 51. Kf3 Kg5 52. Rxe5 fxe5 53. Kxe3 Kxf5 54. Kf3 e4+ 55. Ke3 Ke5 56. Kf2 Kf4 57. Kf1 Ke3 58. Ke1 Kd3 59. Kd1 e3 60. Ke1 e2 61. g4 hxg3 62.
h4 Ke3 63. h5 g2 0-1

[Event "*** SCC Grand Prix: Titled Tuesday Blitz"]
[Site "Chess.com"]
[Date "2020.08.11"]
[Round "9"]
[White "TST2014"]
[Black "Tsyhanchuk_Stanislav"]
[Result "0-1"]
[WhiteElo "2502"]
[BlackElo "2392"]
[TimeControl "180+1"]
[EndTime "11:46:58 PDT"]
[Termination "Tsyhanchuk_Stanislav won on time"]

1. d4 Nf6 2. c4 g6 3. Nc3 Bg7 4. e4 O-O 5. Nf3 c5 6. d5 d6 7. h3 e6 8. Bd3 exd5 9. cxd5 Na6 10. O-O Rb8 11. Re1 Nd7 12. Bg5 Bf6 13. Bf4 Qe7 14. Rb1 Ne5 15. Nxe5 Bxe5 16. Be3 Nc7 17. a4 b6 18. Qd2 Ba6 19. Nb5 Bxb5 20. axb5 a6 21. bxa6 b5 22. a7 Ra8 23. Ra1 c4 24. Bf1 Qf6 25.
Ra2 Qg7 26. Qa5 f5 27. Bb6 Bxb2 28. Bxc7 Bc3 29. Rb1 Bxa5 30. Bxa5 Rxa7 31. Rxb5 Rfa8 32. exf5 gxf5 33. Bxc4 Qd4 34. Bf1 Qd1 35. Rd2 Qc1 36. Ra2 Re8 37. Bd2 Qc7 38. Rxa7 Qxa7 39. Rb1 Qd4 40. Be3 Qxd5 41. Rc1 Kg7 42. Rc7+ Kh8 43. Bc4 Qe5 44. Bf7 Re7 45. Rc8+ Kg7 46. Bb3 f4 47. Bd2 Kg6 48. Bc3 Qf5 49. Bd4 Qxc8 50.
Kh2 Re5 51. Bd1 Kf6 52. Bf3 Qc7 53. Bb2 Qb6 54. Bc3 Qxf2 55. Ba1 Ke7 56. Bxe5 dxe5 57. Be4 h5 58. Bf3 h4 59. Be4 Kd6 60. Bf3 Kc5 61. Be4 Kd4 62. Bf3 e4 63. Bg4 f3 64. Bxf3 exf3 0-1

[Event "*** SCC Grand Prix: Titled Tuesday Blitz"]
[Site "Chess.com"]
[Date "2020.08.11"]
[Round "9"]
[White "Chuchofrio1"]
[Black "Roaccutane"]
[Result "0-1"]
[WhiteElo "2276"]
[BlackElo "2556"]
[TimeControl "180+1"]
[EndTime "11:46:59 PDT"]
[Termination "Roaccutane won on time"]

1. d4 Nf6 2. c4 c5 3. d5 b5 4.
cxb5 a6 5. bxa6 g6 6. Nc3 Bxa6 7.
g3 Bg7 8. Bg2 d6 9. Nf3 O-O 10.
O-O Nbd7 11. Rb1 Qa5 12. Bd2 Rfb8 13. Qc2 Qd8 14. b3 Ne8 15. a4 Nc7 16. Rfe1 Bxc3 17.
Bxc3 Nxd5 18. Ba1 Nb4 19. Qc3 f6 20. Ng5 Bb7 21. Ne6 Qc8 22. Qe3 Ne5 23. Bh3 f5 24. Nf4 Nc2 25. Qc3 Nxe1 26. Rxe1 Qc6 27. Bg2 Qe8 28.
Nd3 Bxg2 29. Kxg2 Qc6+ 30. Kg1 Qd5 31. Rb1 Rxa4 32. f4 Rxa1 33. Rxa1 Nxd3 34. exd3 Rxb3 35.
Ra8+ Kf7 36. Qh8 Qd4+ 37. Qxd4 cxd4 38. Rh8 h5 39. Rh7+ Kf6 40. Rh8 Rxd3 41. Rf8+ Kg7 42. Re8 Kf7 43. Rh8 e5 44. Rh7+ Kf6 45. Rh8 e4 46. Rd8 Ke7 47. Rb8 e3 48. Rb7+ Ke6 49.
Rb8 Rd2 50. Re8+ Kd5 51. Re7 Kc4 52. Rc7+ Kd3 53. Ra7 Ke4 54. Re7+ Kf3 55. h4 Rg2+ 56. Kh1 Rxg3 57. Kh2 Rg4 58. Kh3 Rxf4 59. Ra7 Rxh4+ 60. Kxh4 d3 61. Kh3 d2 62. Ra1 e2 63. Ra3+ Kf2 64. Rg3 f4 65. Rg2+ Ke3 66. Rh2 d5 67. Rg2 d4 68. Rh2 g5 69. Rg2 g4+ 70. Kh2 f3 71. Rg3 d3 72. Rg1 Kf4 73. Rg3 h4 74. Rg1 f2 75. Rf1 g3+ 76. Kg2 h3+ 77. Kxh3 Kf3 78.
Rd1 exd1=Q 79. Kh4 g2 80. Kh5 Qe1 0-1

[Event "*** SCC Grand Prix: Titled Tuesday Blitz"]
[Site "Chess.com"]
[Date "2020.08.11"]
[Round "9"]
[White "MoreChessJulia"]
[Black "BlackWidow515"]
[Result "1-0"]
[WhiteElo "1871"]
[BlackElo "2076"]
[TimeControl "180+1"]
[EndTime "11:46:59 PDT"]
[Termination "MoreChessJulia won by resignation"]

1. d4 d5 2. c4 e6 3. Nc3 Nf6 4. cxd5 exd5 5. Bg5 Be7 6. Qc2 Nbd7 7. e3 Nf8 8. Bd3 Ng6 9. Nge2 O-O 10. h4 Re8 11. h5 Nf8 12. O-O-O b6 13. f3 Bb7 14. Rdg1 c5 15. Kb1 c4 16. Bf5 a6 17. g4 b5 18. Qd2 b4 19. Nd1 c3 20. bxc3 bxc3 21.
Nexc3 Bc6 22. Bc2 Qb6+ 23. Ka1 Reb8 24. Bxf6 Bxf6 25. g5 Be7 26. g6 hxg6 27. hxg6 fxg6 28. Bb3 Qa5 29. Nxd5 Qxd5 30. Bxd5+ Bxd5 31. e4 Bc4 32. Nb2 Bf7 33. d5 Bf6 34. Rb1 a5 35. f4 Rc8 36. e5 Be7 37. Rbd1 Bb4 38. Qh2 Be8 39. e6 Nxe6 40. dxe6 Kf8 41. Qh8+ Ke7 42. Qxg7+ Kxe6 43. Rhe1+ Bxe1 44. Rxe1+ Kd6 45. Qe7+ Kc6 46. Rc1+ Kb6 47. Qe3+ Ka6 48. Qe6+ Kb7 49. Rxc8 Rxc8 50. Nd3 Rd8 51. Nc5+ Kc7 52. Qe7+ Bd7 53. Ne6+ 1-0

[Event "*** SCC Grand Prix: Titled Tuesday Blitz"]
[Site "Chess.com"]
[Date "2020.08.11"]
[Round "9"]
[White "serena-maria"]
[Black "Babas"]
[Result "0-1"]
[WhiteElo "2284"]
[BlackElo "2451"]
[TimeControl "180+1"]
[EndTime "11:47:04 PDT"]
[Termination "Babas won by checkmate"]

1. Nf3 d5 2. g3 Nf6 3. Bg2 Bf5 4.
O-O e6 5. c4 c6 6. cxd5 cxd5 7.
Qb3 Qb6 8. Qxb6 axb6 9. d3 Nc6 10.
Nc3 Be7 11. Bf4 O-O 12. a3 Rfc8 13. Nb5 Ne8 14. b4 h6 15. h4 Bg4 16. Rfc1 f6 17. Be3 Ra6 18. Nc3 Ne5 19. Nh2 Bh5 20. Kf1 g5 21. hxg5 hxg5 22. Nb5 Rc6 23. f4 gxf4 24. gxf4 Nd7 25. f5 Bf7 26. Ng4 Bf8 27. Bd4 e5 28. Be3 Nd6 29. Nc7 Rxc1+ 30. Bxc1 Ra4 31. Ne6 d4 32. Bh6 Be7 33. Be4 Bxe6 34. fxe6 Nf8 35. Bd5 Ng6 36. Bd2 Ra8 37. Bb3 Rc8 38. Kg2 Nb5 39. Nf2 Nc3 40. Ne4 Nxe2 41. Kf3 Nef4 42. Bxf4 Nxf4 43. Rg1+ Kf8 44. Ng3 Nxd3 45. Nf5 Nf4 46.
Nxe7 Kxe7 47. Rg7+ Kd6 48. Rd7+ Kc6 49. Ba4+ b5 50.
Bc2 Nxe6 51. Re7 Kd6 52. Rf7 Rf8 53. Rxf8 Nxf8 54. Be4 b6 55. Bf5 Ne6 56. Ke4 Ng5+ 57. Kd3 Kd5 58. Bd7 e4+ 59. Kd2 f5 60. a4 bxa4 61.
Bxa4 f4 62. b5 f3 63. Ke1 e3 64. Bb3+ Ke4 65. Bg8 d3 66. Kf1 e2+ 67. Ke1 Ke3 68. Be6 d2# 0-1

[Event "*** SCC Grand Prix: Titled Tuesday Blitz"]
[Site "Chess.com"]
[Date "2020.08.11"]
[Round "9"]
[White "lucasmito"]
[Black "Steven_Rojas"]
[Result "1-0"]
[WhiteElo "2632"]
[BlackElo "2473"]
[TimeControl "180+1"]
[EndTime "11:47:05 PDT"]
[Termination "lucasmito won on time"]

1. e4 e5 2. Nf3 Nc6 3. Bb5 Nf6 4. d3 d6 5. c3 Be7 6. h3 a6 7. Ba4 O-O 8. O-O Kh8 9. Re1 Ng8 10. d4 b5 11. Bb3 Qe8 12. Bd5 Bf6 13. a4 Rb8 14. axb5 axb5 15. Be3 exd4 16. cxd4 Nge7 17.
Bb3 Ng6 18. Nc3 b4 19. Nd5 Bd8 20. Qd3 Bd7 21. Rec1 f5 22. exf5 Bxf5 23. Qc4 Bd7 24. Ra6 Nce7 25. Nxc7 Bxc7 26. Qxc7 Rc8 27. Qxd6 Nf5 28.
Rxc8 Bxc8 29. Qc6 Bxa6 30. Qxa6 Nxe3 31. Qd6 Nf5 32. Qxb4 Qb8 33. Qc3 Rc8 34. Qd3 Rc1+ 35. Bd1 Nd6 36. g3 Qc8 37. Kg2 Rc7 38. h4 Rf7 39. Ng5 Qb7+ 40. Bf3 Qe7 41. Nxf7+ Qxf7 42. b4 Qc4 43. Qxc4 Nxc4 44. b5 Ne7 45. Kf1 Nb6 46.
Ke2 Nec8 47. Kd3 Kg8 48. d5 Kf7 49. Kd4 Ke7 50. Kc5 Kd7 51. Bg4+ Kc7 52. Bf5 Nd6 53.
Bxh7 Na4+ 54. Kd4 Nb6 55. Ke5 Nbc4+ 56. Ke6 Kb6 57. Bg6 Kc5 58. g4 Nb6 59. g5 Nxd5 60. h5 Nf4+ 61. Ke5 Nh3 62. f4 Nc4+ 63. Ke6 Nxf4+ 64. Kf7 Ne5+ 65. Kxg7 Nfxg6 66. hxg6 Kxb5 67. Kh7 Kc5 68. g7 1-0

[Event "*** SCC Grand Prix: Titled Tuesday Blitz"]
[Site "Chess.com"]
[Date "2020.08.11"]
[Round "9"]
[White "GAusal"]
[Black "Cambek64"]
[Result "0-1"]
[WhiteElo "2151"]
[BlackElo "2313"]
[TimeControl "180+1"]
[EndTime "11:47:05 PDT"]
[Termination "Cambek64 won on time"]

1. d4 d6 2. Nf3 Nf6 3. Bf4 Bg4 4. Nc3 Bxf3 5. gxf3 g6 6. h4 Bg7 7. Qd2 h5 8. Bg5 Nbd7 9. e4 c5 10. d5 a6 11. O-O-O b5 12. Kb1 Qa5 13. Qe2 Rb8 14.
Bd2 Ne5 15. Qe3 Qb6 16. b3 O-O 17. Ka1 Rfe8 18. Qe1 c4 19. Be3 Qa5 20. Ne2 Qa3 21. Ng1 Nxe4 22. Bd4 cxb3 23. cxb3 Nc5 24. Qe3 e6 25.
dxe6 Rxe6 26. Bb2 Qxb2+ 27. Kxb2 Nc4+ 28. Kc2 Nxe3+ 29. fxe3 Rxe3 30. Rxd6 Rc3+ 31. Kb1 Ne6 32. Ne2 Rxf3 33. Bh3 Nf4 34. Nxf4 Rxf4 35. Rf1 Rxh4 36. Bd7 Rf8 37. Bc6 Rh2 38. Bd5 Rb2+ 39. Kc1 Rxa2 40. Be4 Ra1+ 41. Bb1 Rc8+ 42. Kd2 Bh6+ 43. Kd3 Bg7 44. Rd7 Rc3+ 45. Kd2 f5 46. Rxg7+ Kxg7 47. Kxc3 b4+ 48. Kb2 Ra5 49. Rd1 Re5 50. Rd7+ Kf6 51. Rd6+ Re6 52. Rd1 h4 53. Rg1 h3 54.
Rh1 Re3 55. Kc2 g5 56. Kd2 f4 0-1

[Event "*** SCC Grand Prix: Titled Tuesday Blitz"]
[Site "Chess.com"]
[Date "2020.08.11"]
[Round "9"]
[White "SergeyKarjakin"]
[Black "sergiochess83"]
[Result "0-1"]
[WhiteElo "2970"]
[BlackElo "2841"]
[TimeControl "180+1"]
[EndTime "11:47:06 PDT"]
[Termination "sergiochess83 won on time"]

1. e4 c6 2. d4 d5 3. e5 Bf5 4. Nf3 e6 5. Be2 Ne7 6. c3 Bg6 7. O-O Nd7 8. Nh4 c5 9. Nd2 Nc6 10. Nxg6 hxg6 11. Nf3 Be7 12. g3 g5 13. Be3 Qb6 14. Rb1 cxd4 15. cxd4 f6 16. b4 O-O-O 17.
b5 Na5 18. Qa4 Kb8 19. Bd2 Nc4 20. Bxc4 dxc4 21. Ba5 g4 22. exf6 Bxf6 23. Bxb6 Nxb6 24. Qd1 gxf3 25. Qxf3 Bxd4 26. Kg2 e5 27. Qe4 c3 28. Rbc1 Nd5 29. Rfd1 Rhf8 30. Rc2 Rf6 31. h4 Rfd6 32. a4 b6 33. h5 Rf6 34. Ra2 Nb4 35. Re2 Rfd6 36. Qh7 R6d7 37. h6 gxh6 38. Qxh6 c2 39.
Rc1 Rc7 40. Qd2 Rc3 41. Rxe5 Nd3 42. Re4 Nxc1 43. Rxd4 Rxd4 44. Qxc3 Nd3 45. Qxd4 Ne1+ 46. Kf1 c1=Q 47. Qe5+ Kb7 48. Qxe1 Qc4+ 49. Kg2 Qxa4 50. Qe7+ Kb8 51. Qd6+ Kb7 52. Qd5+ Kc7 53. f4 Qc2+ 54. Kh3 Qh7+ 55. Kg4 Qg7+ 56. Kf3 Qc3+ 57. Kg2 Qc2+ 58. Kh3 Qh7+ 59. Kg4 Qg7+ 60. Qg5 Qd7+ 61. Qf5 Qd1+ 62. Kg5 Qd8+ 63. Kh6 Qh8+ 0-1

[Event "*** SCC Grand Prix: Titled Tuesday Blitz"]
[Site "Chess.com"]
[Date "2020.08.11"]
[Round "9"]
[White "Gusarov91"]
[Black "TimofeevAr"]
[Result "0-1"]
[WhiteElo "2658"]
[BlackElo "2843"]
[TimeControl "180+1"]
[EndTime "11:47:06 PDT"]
[Termination "TimofeevAr won by checkmate"]

1. d4 Nf6 2. Nf3 g6 3. c4 Bg7 4. g3 d5 5. Bg2 dxc4 6. Na3 O-O 7. O-O c6 8. Nxc4 Be6 9. Nce5 Bd5 10. b3 a5 11. Bf4 a4 12. Qc2 Qa5 13. Nc4 axb3 14.
axb3 Qxa1 15. Rxa1 Rxa1+ 16. Bc1 Be4 17. Qb2 Ra6 18.
Nfe5 Bxg2 19. Kxg2 Nbd7 20. Nd3 Ne4 21. f3 Nd6 22. Nxd6 exd6 23. Bf4 c5 24. Be3 Rfa8 25. Qc3 b5 26. Nf4 Ra3 27. Qc2 Ra2 28. Qd3 cxd4 29. Bxd4 Nc5 30. Bxc5 dxc5 31. Qxb5 Be5 32. Nd5 Rd8 33. Qc4 Bd4 34. Kh3 Re8 35. e3 Bg7 36. Qxc5 h5 37. f4 Rd2 38. Ne7+ Kh7 39. Nd5 Ra8 40. Nb4 Bf8 41. Qc6 Rad8 42. Nc2 Bg7 43. g4 hxg4+ 44. Kxg4 Rxh2 45. f5 Rdd2 46. fxg6+ fxg6 47. Nb4 Rdg2+ 48. Kf3 Rf2+ 49. Ke4 Rh4+ 50. Kd3 Rxb4 51.
Qe6 Rh2 52. e4 Rb5 53. Kc4 Re5 54. Qg4 Rhh5 55. b4 Bf6 56. Qd7+ Kh6 57. Qd2+ Bg5 58. Qg2 Bf6 59. Qd2+ Kg7 60. Qd7+ Re7 61. Qd3 Rhe5 62.
b5 Rxe4+ 63. Kc5 R4e5+ 64. Kc6 R5e6+ 65. Kc5 Rc7+ 66. Kb4 Be7+ 67. Ka5 Ra7# 0-1